NWL
BEND BANDITS @ BELLINGHAM MARINERS
06/12/1982
 
TOP OF THE 1ST
Bend Bandits batting - Pitching for Bellingham Mariners : LHP Bernard Gallo
Pitching: LHP Bernard Gallo
Batting: RHB Elijah Ben 0-0: Called Strike
0-1: Ball
1-1: Called Strike
1-2: Ball
2-2: Ball
3-2: SINGLE (Flyball, 3D, EV 85.6 MPH)
Batting: RHB Phil Smith 0-0: Ball
1-0: SINGLE (Groundball, 34S, EV 66.9 MPH) (infield hit)
Elijah Ben to second
Batting: LHB Jim Riggs 0-0: Called Strike
Elijah Ben is caught stealing 3rd base 2-5
0-1: Ball
1-1: Foul Ball, location: 2F
1-2: SINGLE (Groundball, 34D, EV 98.8 MPH)
Phil Smith to second
Runner from 2nd tries for 3rd, SAFE, no throw by RF
Batting: RHB Jeff Doerr 0-0: Called Strike
0-1: Foul Ball, location: 2F
0-2: Ball
1-2: Foul Ball, location: 2F
1-2: DOUBLE (Line Drive, 9LM, EV 96.3 MPH)
Phil Smith scores
Jim Riggs to third
Runner from 3rd tries for Home, SAFE, throw by RF to home
Batting: RHB Kevin Romine 0-0: Called Strike
0-1: Swinging Strike
0-2: Ball
1-2: Fly out, F8 (Flyball, 8RM, EV 90.0 MPH)
Batting: RHB Joe Stalp 0-0: Ball
1-0: Called Strike
1-1: Foul Ball, location: 2F
1-2: Foul Ball, location: 2F
1-2: Strikes out swinging
Top of the 1st over - 2 runs, 4 hits, 0 errors, 1 left on base; Bend 2 - Bellingham 0
BOTTOM OF THE 1ST
Bellingham Mariners batting - Pitching for Bend Bandits : LHP Mike Kinnunen
Pitching: LHP Mike Kinnunen
Batting: LHB Dan O'Regan 0-0: Swinging Strike
0-1: Ball
1-1: DOUBLE (Line Drive, 78D, EV 104.4 MPH)
Batting: RHB Norm Carrasco 0-0: Called Strike
0-1: Ball
1-1: Fly out, F5 (Line Drive, 5, EV 63.8 MPH)
Batting: RHB Juan Delgado 0-0: Ball
Dan O'Regan steals 3rd base
1-0: Called Strike
1-1: Foul Ball, location: 2F
1-2: Ball
2-2: Fly out, F7 (Flyball, 7S, EV 91.3 MPH)
Batting: SHB Paul Felix 0-0: Called Strike
0-1: Ball
1-1: Ball
2-1: Fly out, F6 (Popup, 6S, EV 85.0 MPH)
Bottom of the 1st over - 0 runs, 1 hit, 0 errors, 1 left on base; Bend 2 - Bellingham 0
TOP OF THE 2ND
Bend Bandits batting - Pitching for Bellingham Mariners : LHP Bernard Gallo
Batting: RHB Greg Olson 0-0: Ball
1-0: Ball
2-0: Foul Ball, location: 2F
2-1: Foul Ball, location: 2F
2-2: Ball
3-2: Foul Ball, location: 2F
3-2: Foul Ball, location: 2F
3-2: Foul Ball, location: 2F
3-2: Base on Balls
Batting: RHB Ronald Harper 0-0: Swinging Strike
0-1: Ball
1-1: SINGLE (Groundball, 6S, EV 67.5 MPH) (infield hit)
Greg Olson to second
Batting: RHB Trajano Estrela 0-0: Ball
1-0: Ball
2-0: Called Strike
2-1: Fly out, F9 (Flyball, 89S, EV 88.8 MPH)
Batting: RHB Elijah Ben 0-0: Foul Ball, location: 2F
0-1: Ball
1-1: Ball
2-1: Ball
3-1: Base on Balls
Greg Olson to third
Ronald Harper to second
Batting: RHB Phil Smith 0-0: Ball
1-0: Ball
2-0: Foul Ball, location: 2F
2-1: Swinging Strike
2-2: Strikes out swinging
Batting: LHB Jim Riggs 0-0: Called Strike
0-1: Fly out, F5 (Popup, 5F, EV 54.4 MPH)
Top of the 2nd over - 0 runs, 1 hit, 0 errors, 3 left on base; Bend 2 - Bellingham 0
BOTTOM OF THE 2ND
Bellingham Mariners batting - Pitching for Bend Bandits : LHP Mike Kinnunen
Batting: LHB Daniel Stryffeler 0-0: Ball
1-0: Called Strike
1-1: Called Strike
1-2: Ball
2-2: Ball
3-2: Fly out, F9 (Flyball, 9S, EV 85.6 MPH)
Batting: RHB Hector Rivera 0-0: Called Strike
0-1: Foul Ball, location: 2F
0-2: Foul Ball, location: 2F
0-2: Ball
1-2: Ball
2-2: Foul Ball, location: 2F
2-2: Ball
3-2: Ground out U3 (Groundball, 23, EV 85.0 MPH)
Batting: RHB Jeff Datz 0-0: Swinging Strike
0-1: Ground out 6-3 (Groundball, 6, EV 90.6 MPH)
Bottom of the 2nd over - 0 runs, 0 hits, 0 errors, 0 left on base; Bend 2 - Bellingham 0
TOP OF THE 3RD
Bend Bandits batting - Pitching for Bellingham Mariners : LHP Bernard Gallo
Batting: RHB Jeff Doerr 0-0: Ball
1-0: Called Strike
1-1: Foul Ball, location: 2F
1-2: Ball
2-2: Ball
3-2: Base on Balls
Batting: RHB Kevin Romine 0-0: Ball
1-0: Fly out, F9 (Flyball, 9LS, EV 80.6 MPH)
Batting: RHB Joe Stalp 0-0: Ball
1-0: Ball
2-0: Ball
3-0: Base on Balls
Jeff Doerr to second
Batting: RHB Greg Olson 0-0: Ball
1-0: Ball
2-0: Foul Ball, location: 2F
2-1: Ball
3-1: Foul Ball, location: 2F
3-2: DOUBLE (Line Drive, 9LM, EV 103.1 MPH)
Jeff Doerr scores
Joe Stalp to third
Batting: RHB Ronald Harper 0-0: Foul Ball, location: 2F
0-1: Foul Ball, location: 2F
0-2: Foul Ball, location: 2F
0-2: Ground out 6-3 (Groundball, 6, EV 91.9 MPH)
Joe Stalp scores
Batting: RHB Trajano Estrela 0-0: Called Strike
0-1: Foul Ball, location: 2F
0-2: Strikes out swinging
Top of the 3rd over - 2 runs, 1 hit, 0 errors, 1 left on base; Bend 4 - Bellingham 0
BOTTOM OF THE 3RD
Bellingham Mariners batting - Pitching for Bend Bandits : LHP Mike Kinnunen
Batting: RHB Werner Lajszky 0-0: Ground out 6-3 (Groundball, 6, EV 100.6 MPH)
Batting: LHB Thomas Graziano 0-0: Ball
1-0: Swinging Strike
1-1: Called Strike
1-2: Ball
2-2: Strikes out looking
Batting: LHB Dan O'Regan 0-0: Ball
1-0: Ball
2-0: Reached on error, E8 (Flyball, 78D, EV 73.8 MPH)
Batting: RHB Norm Carrasco 0-0: SINGLE (Groundball, P, EV 85.6 MPH) (infield hit)
Dan O'Regan to third
Batting: RHB Juan Delgado 0-0: Foul Ball, location: 2F
0-1: Ball
1-1: Ground out 6-3 (Groundball, P, EV 87.5 MPH)
Bottom of the 3rd over - 0 runs, 1 hit, 1 error, 2 left on base; Bend 4 - Bellingham 0
TOP OF THE 4TH
Bend Bandits batting - Pitching for Bellingham Mariners : LHP Bernard Gallo
Batting: RHB Elijah Ben 0-0: Ball
1-0: Called Strike
1-1: SINGLE (Flyball, 7LS, EV 90.0 MPH)
Batting: RHB Phil Smith 0-0: Foul Ball, location: 2F
0-1: Grounds into double play, 6-4-3 (Groundball, 6, EV 96.9 MPH)
Batting: LHB Jim Riggs 0-0: Ground out 1-3 (Groundball, 23, EV 72.5 MPH)
Top of the 4th over - 0 runs, 1 hit, 0 errors, 0 left on base; Bend 4 - Bellingham 0
BOTTOM OF THE 4TH
Bellingham Mariners batting - Pitching for Bend Bandits : LHP Mike Kinnunen
Batting: SHB Paul Felix 0-0: Ball
1-0: Foul Ball, location: 2F
1-1: Swinging Strike
1-2: Fly out, F4 (Popup, 34S, EV 76.9 MPH)
Batting: LHB Daniel Stryffeler 0-0: Foul Ball, location: 2F
0-1: Foul Ball, location: 2F
0-2: Ball
1-2: SINGLE (Groundball, 4MD, EV 108.1 MPH)
Batting: RHB Hector Rivera 0-0: Swinging Strike
0-1: Grounds into double play, 6-4-3 (Groundball, 56, EV 84.4 MPH)
Bottom of the 4th over - 0 runs, 1 hit, 0 errors, 0 left on base; Bend 4 - Bellingham 0
TOP OF THE 5TH
Bend Bandits batting - Pitching for Bellingham Mariners : LHP Bernard Gallo
Batting: RHB Jeff Doerr 0-0: Foul Ball, location: 2F
0-1: Ball
1-1: Ground out 5-3 (Groundball, 56, EV 110.6 MPH)
Batting: RHB Kevin Romine 0-0: Ball
1-0: Swinging Strike
1-1: Foul Ball, location: 2F
1-2: Ball
2-2: Ball
3-2: Base on Balls
Pitching: LHP Mark Blumenschein
Batting: RHB Joe Stalp 0-0: Foul Ball, location: 2F
0-1: Ball
1-1: Ball
2-1: Fielders Choice at 2nd, 1-6 (Groundball, 13S, EV 68.1 MPH)
Batting: RHB Greg Olson 0-0: Ball
1-0: SINGLE (Line Drive, 89M, EV 96.9 MPH)
Joe Stalp to second
Batting: RHB Ronald Harper 0-0: Ball
1-0: Ball
2-0: 3-RUN HOME RUN (Flyball, 9D, EV 98.1 MPH), Distance : 370 ft
Batting: RHB Trajano Estrela 0-0: Called Strike
0-1: Swinging Strike
0-2: Foul Ball, location: 2F
0-2: Ball
1-2: Foul Ball, location: 2F
1-2: Ball
2-2: Fly out, F8 (Flyball, 78XD, EV 106.3 MPH)
Top of the 5th over - 3 runs, 2 hits, 0 errors, 0 left on base; Bend 7 - Bellingham 0
BOTTOM OF THE 5TH
Bellingham Mariners batting - Pitching for Bend Bandits : LHP Mike Kinnunen
Batting: RHB Jeff Datz 0-0: Called Strike
0-1: Ball
1-1: Ball
2-1: SOLO HOME RUN (Flyball, 78XD, EV 107.5 MPH), Distance : 397 ft
Batting: RHB Werner Lajszky 0-0: Called Strike
0-1: Called Strike
0-2: Ball
1-2: Foul Ball, location: 2F
1-2: Ground out 6-3 (Groundball, 6, EV 85.6 MPH)
Batting: LHB Thomas Graziano 0-0: SINGLE (Groundball, 34D, EV 98.8 MPH)
Batting: LHB Dan O'Regan 0-0: Ground out 4-3 (Groundball, 34, EV 101.3 MPH)
Thomas Graziano to second
Batting: RHB Norm Carrasco 0-0: Ball
1-0: Called Strike
1-1: Ball
2-1: Ground out 6-3 (Groundball, 6, EV 109.4 MPH)
Bottom of the 5th over - 1 run, 2 hits, 0 errors, 1 left on base; Bend 7 - Bellingham 1
TOP OF THE 6TH
Bend Bandits batting - Pitching for Bellingham Mariners : LHP Mark Blumenschein
Batting: RHB Elijah Ben 0-0: Called Strike
0-1: Foul Ball, location: 2F
0-2: Ball
1-2: Foul Ball, location: 2F
1-2: Hit by Pitch
Batting: RHB Phil Smith 0-0: Ball
1-0: Fly out, F9 (Flyball, 9S, EV 89.4 MPH)
Batting: LHB Jim Riggs 0-0: Ball
1-0: Called Strike
1-1: Ball
2-1: Ball
3-1: SINGLE (Groundball, 34S, EV 76.3 MPH) (infield hit)
Elijah Ben to second
Batting: RHB Jeff Doerr 0-0: Called Strike
0-1: Foul Ball, location: 2F
0-2: Ball
1-2: SINGLE (Line Drive, 78M, EV 95.6 MPH)
Elijah Ben to third
Jim Riggs to second
Runner from 3rd tries for Home, SAFE, throw by LF to home
Batting: RHB Kevin Romine 0-0: Ball
1-0: Ball
2-0: Ball
3-0: Base on Balls
Jim Riggs to third
Jeff Doerr to second
Batting: RHB Joe Stalp 0-0: SINGLE (Line Drive, 4D, EV 94.4 MPH)
Jim Riggs scores
Jeff Doerr to third
Kevin Romine to second
Batting: RHB Greg Olson 0-0: Ball
1-0: Ball
2-0: Fly out, F7 (Flyball, 78D, EV 95.0 MPH)
Runner from 3rd tags up, SCORES, throw by LF
Pitching: RHP Charles Dexter
Batting: RHB Ronald Harper 0-0: Foul Ball, location: 2F
0-1: Swinging Strike
0-2: Ball
1-2: Ball
2-2: Foul Ball, location: 2F
2-2: Fielders Choice at 2nd, 6-4 (Groundball, 4M, EV 80.0 MPH)
Top of the 6th over - 3 runs, 3 hits, 0 errors, 2 left on base; Bend 10 - Bellingham 1
BOTTOM OF THE 6TH
Bellingham Mariners batting - Pitching for Bend Bandits : LHP Mike Kinnunen
Batting: RHB Juan Delgado 0-0: Ball
1-0: Ball
2-0: Fly out, F7 (Flyball, 7LS, EV 88.8 MPH)
Batting: SHB Paul Felix 0-0: Foul Ball, location: 2F
0-1: Swinging Strike
0-2: Strikes out swinging
Batting: LHB Daniel Stryffeler 0-0: Ground out 5-3 (Groundball, 56, EV 75.6 MPH)
Bottom of the 6th over - 0 runs, 0 hits, 0 errors, 0 left on base; Bend 10 - Bellingham 1
TOP OF THE 7TH
Bend Bandits batting - Pitching for Bellingham Mariners : RHP Charles Dexter
Batting: RHB Trajano Estrela 0-0: Fly out, F7 (Flyball, 7LM, EV 93.1 MPH)
Batting: RHB Elijah Ben 0-0: Ball
1-0: DOUBLE (Flyball, 8RXD, EV 110.6 MPH)
Batting: RHB Phil Smith 0-0: Ball
1-0: Foul Ball, location: 2F
1-1: Fly out, F9 (Flyball, 9LM, EV 81.3 MPH)
Batting: LHB Jim Riggs 0-0: Ball
1-0: Ball
2-0: Ball
3-0: Base on Balls
Pinch Hitting: LHB Michael Vaughn 0-0: SINGLE (Groundball, 4MD, EV 100.0 MPH)
Elijah Ben to third
Jim Riggs to second
Runner from 3rd tries for Home, SAFE, throw by CF to home
Pinch Hitting: RHB William Lockwood 0-0: Called Strike
0-1: Foul Ball, location: 2F
0-2: Foul Ball, location: 2F
0-2: Ball
1-2: Foul Ball, location: 2F
1-2: SINGLE (Groundball, 23, EV 65.6 MPH) (infield hit)
Jim Riggs to third
Michael Vaughn to second
Batting: RHB Joe Stalp 0-0: Ball
1-0: Ball
2-0: Foul Ball, location: 2F
2-1: SINGLE (Line Drive, 89S, EV 95.0 MPH)
Jim Riggs scores
Michael Vaughn to third
William Lockwood to second
Runner from 3rd tries for Home, SAFE, throw by RF to home
Batting: RHB Greg Olson 0-0: Called Strike
0-1: Foul Ball, location: 2F
0-2: Ball
1-2: Foul Ball, location: 2F
1-2: SINGLE (Line Drive, 9LS, EV 103.1 MPH)
William Lockwood to third
Joe Stalp to second
Runner from 3rd tries for Home, SAFE, throw by RF to home
Pinch Hitting: RHB Johnny Barnette 0-0: 3-RUN HOME RUN (Flyball, 78XD, EV 106.9 MPH), Distance : 393 ft
Pitching: RHP James Wheeler
Batting: RHB Trajano Estrela 0-0: Ground out 4-3 (Groundball, 4M, EV 86.3 MPH)
Top of the 7th over - 7 runs, 6 hits, 0 errors, 0 left on base; Bend 17 - Bellingham 1
BOTTOM OF THE 7TH
Bellingham Mariners batting - Pitching for Bend Bandits : LHP Mike Kinnunen
Now at 1B: Michael Vaughn
Now in LF: Johnny Barnette
Now in CF: William Lockwood
Batting: RHB Hector Rivera 0-0: Called Strike
0-1: Swinging Strike
0-2: Ball
1-2: Ball
2-2: Ball
3-2: Ground out 4-3 (Groundball, 4, EV 108.1 MPH)
Batting: RHB Jeff Datz 0-0: Foul Ball, location: 2F
0-1: Ball
1-1: Fly out, F3 (Popup, 23F, EV 85.6 MPH)
Pinch Hitting: RHB Thomas George 0-0: Ball
1-0: Ball
2-0: Foul Ball, location: 2F
2-1: Foul Ball, location: 2F
2-2: Ball
3-2: Strikes out swinging
Bottom of the 7th over - 0 runs, 0 hits, 0 errors, 0 left on base; Bend 17 - Bellingham 1
TOP OF THE 8TH
Bend Bandits batting - Pitching for Bellingham Mariners : RHP James Wheeler
Now at SS: Thomas George
Batting: RHB Elijah Ben 0-0: Called Strike
0-1: Ball
1-1: Ball
2-1: Swinging Strike
2-2: Strikes out looking
Batting: RHB Phil Smith 0-0: Ground out 4-3 (Groundball, 34, EV 83.1 MPH)
Batting: LHB Jim Riggs 0-0: Ball
1-0: Swinging Strike
1-1: Ball
2-1: Ball
3-1: Called Strike
3-2: DOUBLE (Flyball, 8RXD, EV 98.8 MPH)
Batting: LHB Michael Vaughn 0-0: Ball
1-0: SINGLE (Line Drive, 34, EV 103.1 MPH)
Jim Riggs to third
Runner from 3rd tries for Home, SAFE, throw by RF to home
Batting: RHB William Lockwood 0-0: Ball
1-0: Fly out, F8 (Flyball, 8LXD, EV 105.0 MPH)
Top of the 8th over - 1 run, 2 hits, 0 errors, 1 left on base; Bend 18 - Bellingham 1
BOTTOM OF THE 8TH
Bellingham Mariners batting - Pitching for Bend Bandits : LHP Mike Kinnunen
Pitching: RHP Dale Drew
Batting: LHB Thomas Graziano 0-0: Ball
1-0: Ball
2-0: Swinging Strike
2-1: Ball
3-1: Called Strike
3-2: Reached on error, E5 (Groundball, 5L, EV 108.1 MPH)
Batting: LHB Dan O'Regan 0-0: Ball
1-0: Ball
2-0: Foul Ball, location: 2F
2-1: Foul Ball, location: 2F
2-2: Foul Ball, location: 2F
2-2: Foul Ball, location: 2F
2-2: Ground out 4-3 (Groundball, 4, EV 84.4 MPH)
Thomas Graziano to third
Batting: RHB Norm Carrasco 0-0: Called Strike
0-1: Ball
1-1: Ball
2-1: Called Strike
2-2: Ball
3-2: DOUBLE (Line Drive, 7LD, EV 102.5 MPH)
Thomas Graziano scores
Batting: RHB Juan Delgado 0-0: Ball
1-0: Called Strike
1-1: Ball
2-1: Ball
3-1: Fly out, F7 (Line Drive, 7, EV 100.6 MPH)
Pinch Hitting: RHB Rick Weems 0-0: Ball
1-0: Foul Ball, location: 2F
1-1: Swinging Strike
1-2: Strikes out swinging
Bottom of the 8th over - 1 run, 1 hit, 1 error, 1 left on base; Bend 18 - Bellingham 2
TOP OF THE 9TH
Bend Bandits batting - Pitching for Bellingham Mariners : RHP James Wheeler
Now at 1B: Elza Nevoeiro
Batting: RHB Joe Stalp 0-0: Ball
1-0: Ball
2-0: Called Strike
2-1: Reached on error, E4 (Groundball, 4MS, EV 84.4 MPH)
Pinch Hitting: RHB Jeffrey Ulrich 0-0: Foul Ball, location: 2F
0-1: Ball
1-1: Ground out 4-3 (Groundball, 4, EV 105.0 MPH)
Joe Stalp to third
Batting: RHB Johnny Barnette 0-0: Foul Ball, location: 2F
0-1: Swinging Strike
0-2: SINGLE (Groundball, 34D, EV 102.5 MPH)
Joe Stalp scores
Batting: RHB Trajano Estrela 0-0: Grounds into double play, 5-4-3 (Groundball, 5S, EV 80.6 MPH)
Top of the 9th over - 1 run, 1 hit, 1 error, 0 left on base; Bend 19 - Bellingham 2
BOTTOM OF THE 9TH
Bellingham Mariners batting - Pitching for Bend Bandits : RHP Dale Drew
Now at C: Jeffrey Ulrich
Batting: LHB Daniel Stryffeler 0-0: Swinging Strike
0-1: Ball
1-1: Foul Ball, location: 2F
1-2: Foul Ball, location: 2F
1-2: Ball
2-2: Foul Ball, location: 2F
2-2: Strikes out swinging
Batting: RHB Hector Rivera 0-0: Ball
1-0: Ball
2-0: Foul Ball, location: 2F
2-1: SOLO HOME RUN (Flyball, 7D, EV 105.6 MPH), Distance : 391 ft
Pinch Hitting: RHB Barry Cheesman 0-0: Ball
1-0: Ball
2-0: Ball
3-0: Called Strike
3-1: Base on Balls
Pitching: RHP Donald Hughes
Batting: RHB Thomas George 0-0: Swinging Strike
0-1: Ball
1-1: Called Strike
1-2: Ball
2-2: Ball
3-2: Base on Balls
Barry Cheesman to second
Batting: LHB Thomas Graziano 0-0: Ball
1-0: Ball
2-0: Ball
3-0: Called Strike
3-1: Ground out 6-3 (Groundball, 6MS, EV 86.3 MPH)
Barry Cheesman to third
Thomas George to second
Batting: LHB Dan O'Regan 0-0: Ground out 6-3 (Groundball, 6, EV 98.1 MPH)
Bottom of the 9th over - 1 run, 1 hit, 0 errors, 2 left on base; Bend 19 - Bellingham 3
Thursday, August 6th, 2020 - OOTP Baseball 21.5 Build 76